 Dungeon Crawl Stone Soup version 0.31-a0-523-g071a6c1ffa (webtiles) character file.

Game seed: 14392419470306222774

45 mopl the Insei (level 3, -1/23 HPs)
             Began as an Octopode Shapeshifter on Aug 11, 2023.
             Slain by a gnoll
             ... wielding a +1 spear of freezing
              (7 damage)
             ... on level 2 of the Dungeon.
             The game lasted 00:00:52 (800 turns).

mopl the Insei (Octopode Shapeshifter)               Turns: 800, Time: 00:00:52

Health: -1/23      AC:  1    Str: 14    XL:     3   Next: 64%
Magic:  3/3        EV: 13    Int: 16    God:
Gold:   49         SH:  0    Dex: 14    Spells: 2/2 levels left

rFire   . .          .
                       - Unarmed
rCold   . . .        (no shield)
rNeg    . . .        (helmet currently unavailable)
rPois   .            (no amulet)
rElec   .            e - +6 ring of intelligence
rCorr   .            (no ring)
SInv    .            (no ring)
Will    .....        (no ring)
Stlth   ++           (no ring)
HPRegen 0.23/turn    (no ring)
MPRegen 0.08/turn    (no ring)
                     (no ring)

%: no passive effects
@: lethally poisoned (-1 -> -4), beast-form
A: beast (slay +2), almost no armour, amphibious, 8 rings, camouflage 1,
gelatinous body 1, (nimble swimmer 1), tentacles
a: Begin Untransformation


You were on level 2 of the Dungeon.
You were a hulking beast.
You visited 1 branch of the dungeon, and saw 2 of its levels.

You collected 49 gold pieces.

Inventory:

Missiles
 h - 5 boomerangs (quivered)
Jewellery
 e - a +6 ring of intelligence (left tentacle)
Talismans
 b - a beast talisman (active)
 c - a flux talisman
Scrolls
 g - a scroll of identify {unknown}
 i - a scroll of fear {unknown}
Potions
 a - 3 potions of lignification {!q}
 d - 3 potions of curing {unknown}
 f - a potion of enlightenment {unknown}


   Skills:
 + Level 1.5 Fighting
 + Level 2.3 Dodging
 * Level 3.5 Unarmed Combat
 * Level 3.4 Shapeshifting


You had 2 spell levels left.
You didn't know any spells.
Your spell library was empty.

Dungeon Overview and Level Annotations

Branches:
Dungeon (2/15)

Altars:


Innate Abilities, Weirdness & Mutations

You are a hulking beast.
Your limbs bulge with bestial killing power. (Slay +2)
You cannot wear most types of armour.
You are amphibious.
You can wear up to eight rings at the same time.
Your skin changes colour to match your surroundings (Stealth+).
Your rubbery body absorbs attacks. (AC +1, EV +1)
((You are camouflaged when in or above water. (Stealth+)))
You have tentacles for arms and can constrict up to eight enemies at once.


Message History

There is a stone staircase leading up here.
A gnoll comes into view. It is wielding a +0 club.
Found 5 stones.
A gnoll is nearby!
A gnoll comes into view. It is wielding a +0 flail.
A gnoll comes into view. It is wielding a +1 spear of freezing.
You see here 5 stones.
A gnoll comes into view. It is wielding a +0 whip.
The gnoll shouts! x3
An adder comes into view.
A dart slug comes into view.
The gnoll hits you with a +0 club.
The adder hisses angrily.
You tentacle-slap the gnoll. You grab the gnoll. You squeeze the gnoll.
The gnoll is severely wounded.
You constrict the gnoll, but do no damage.
You tentacle-slap the gnoll.
The gnoll is almost dead.
You constrict the gnoll. The gnoll closely misses you.
You tentacle-slap the gnoll.
You kill the gnoll!
The gnoll hits you from afar with a +1 spear of freezing.
The gnoll freezes you.
You tentacle-slap the gnoll. You grab the gnoll. You squeeze the gnoll.
You kill the gnoll!
The gnoll misses you.
You tentacle-slap the adder. Your grab misses the adder.
Your squeeze misses the adder.
The adder is lightly wounded.
The adder bites you.
You are poisoned.
The adder poisons you!
The gnoll hits you from afar with a +1 spear of freezing.
The gnoll freezes you.
* * * LOW HITPOINT WARNING * * *
You tentacle-slap the adder. Your grab misses the adder.
The adder is heavily wounded.
You feel sick. The adder closely misses you.
The gnoll hits you from afar with a +1 spear of freezing!
You die... #.. #.. #.. #.# #####w# #.. gg#

#.# #S# #.#
#h# #.# #.#
#.# #(# #.#
#.#
##.###.##
###...#...#
#...#.....#
#.#...#...#
#.##.######


You could see 2 gnolls, an adder and a dart slug.

Vanquished Creatures
  2 gnolls (D:2)
  3 ball pythons (D:1)
  2 endoplasms (D:1)
  2 giant cockroaches (D:1)
  3 goblins (D:1)
  2 hobgoblins (D:1)
  2 kobolds (D:1)
  5 bats (D:1)
  3 frilled lizards (D:1)
  3 rats (D:1)
27 creatures vanquished.

Notes
Turn   | Place    | Note
-------+----------+-------------------------------------------
     0 | D:1      | mopl the Octopode Shapeshifter began the quest for the Orb.
     0 | D:1      | Reached XP level 1. HP: 13/13 MP: 1/1
   137 | D:1      | Reached XP level 2. HP: 18/18 MP: 2/2
   585 | D:1      | Reached XP level 3. HP: 21/23 MP: 3/3
   800 | D:2      | Slain by a gnoll

Illustrated notes

Levels and vault maps discovered:
D:1:      wander_arrival_lonely_grave, layout_basic, serial_glass,
          glass_columns_a, glass_columns_c, glass_columns_c, glass_columns_c,
          glass_columns_a, glass_columns_a, glass_columns_a, glass_columns_a,
          glass_columns_a, glass_columns_a, roderic_roman_lattice
D:2:      layout_loops_ring, serial_bayou_pond_b

Action                     || total
---------------------------++-------
  Melee: Unarmed           ||    45
         Constrict         ||    11
         Tentacles         ||     9
   Stab: Sleeping          ||     9
 Armour: Skin              ||     2
  Dodge: Dodged            ||    24

Table legend: (Time is in decaauts)
 A = Elapsed time spent in this place.
 B = Non-inter-level travel time spent in this place.
 C = Inter-level travel time spent in this place.
 D = Time resting spent in this place.
 E = Time spent auto-exploring this place.
 F = Levels seen in this place.
 G = Mean time per level.
                   A        B        C        D        E       F      G
               +--------+--------+--------+--------+--------+-----+--------+
         Total |    796 |    790 |      6 |      0 |    651 |   2 |  398.0 |
       Dungeon |    796 |    790 |      6 |      0 |    651 |   2 |  398.0 |
               +--------+--------+--------+--------+--------+-----+--------+

Top non-repeatable levels by time:
     D:1: 770 daAuts
     D:2: 26 daAuts
